%YAML 1.1
%TAG !u! tag:unity3d.com,2011:
--- !u!1 &3622287735602384483
GameObject:
  m_ObjectHideFlags: 0
  m_CorrespondingSourceObject: {fileID: 0}
  m_PrefabInstance: {fileID: 0}
  m_PrefabAsset: {fileID: 0}
  serializedVersion: 6
  m_Component:
  - component: {fileID: 4704934069545148156}
  m_Layer: 0
  m_Name: Gun
  m_TagString: Untagged
  m_Icon: {fileID: 0}
  m_NavMeshLayer: 0
  m_StaticEditorFlags: 0
  m_IsActive: 1
--- !u!4 &4704934069545148156
Transform:
  m_ObjectHideFlags: 0
  m_CorrespondingSourceObject: {fileID: 0}
  m_PrefabInstance: {fileID: 0}
  m_PrefabAsset: {fileID: 0}
  m_GameObject: {fileID: 3622287735602384483}
  m_LocalRotation: {x: 0, y: 0, z: 0, w: 1}
  m_LocalPosition: {x: -0.61, y: -0.1, z: 12.018007}
  m_LocalScale: {x: 1, y: 1, z: 1}
  m_Children:
  - {fileID: 2934683471104741568}
  - {fileID: 261558516340093211}
  m_Father: {fileID: 3841367644552360493}
  m_RootOrder: 1
  m_LocalEulerAnglesHint: {x: 0, y: 0, z: 0}
--- !u!1 &7658426939551107637
GameObject:
  m_ObjectHideFlags: 0
  m_CorrespondingSourceObject: {fileID: 0}
  m_PrefabInstance: {fileID: 0}
  m_PrefabAsset: {fileID: 0}
  serializedVersion: 6
  m_Component:
  - component: {fileID: 3841367644552360493}
  m_Layer: 0
  m_Name: Level 14
  m_TagString: Untagged
  m_Icon: {fileID: 0}
  m_NavMeshLayer: 0
  m_StaticEditorFlags: 0
  m_IsActive: 1
--- !u!4 &3841367644552360493
Transform:
  m_ObjectHideFlags: 0
  m_CorrespondingSourceObject: {fileID: 0}
  m_PrefabInstance: {fileID: 0}
  m_PrefabAsset: {fileID: 0}
  m_GameObject: {fileID: 7658426939551107637}
  m_LocalRotation: {x: 0, y: 0, z: 0, w: 1}
  m_LocalPosition: {x: 0, y: 0, z: 0}
  m_LocalScale: {x: 1, y: 1, z: 1}
  m_Children:
  - {fileID: 2806325951408011937}
  - {fileID: 4704934069545148156}
  - {fileID: 1131901786072935834}
  - {fileID: 3551802365638693293}
  - {fileID: 7057735083585734158}
  - {fileID: 7156085216475427239}
  m_Father: {fileID: 0}
  m_RootOrder: 0
  m_LocalEulerAnglesHint: {x: 0, y: 0, z: 0}
--- !u!1001 &749951664448940673
PrefabInstance:
  m_ObjectHideFlags: 0
  serializedVersion: 2
  m_Modification:
    m_TransformParent: {fileID: 3841367644552360493}
    m_Modifications:
    - target: {fileID: 758432696163330413, guid: 4fbe9c4c226ce28409db4d7db7dcf946,
        type: 3}
      propertyPath: m_LocalRotation.y
      value: -0.32134435
      objectReference: {fileID: 0}
    - target: {fileID: 758432696163330413, guid: 4fbe9c4c226ce28409db4d7db7dcf946,
        type: 3}
      propertyPath: m_LocalRotation.w
      value: 0.9469624
      objectReference: {fileID: 0}
    - target: {fileID: 758432696163330413, guid: 4fbe9c4c226ce28409db4d7db7dcf946,
        type: 3}
      propertyPath: m_LocalPosition.x
      value: -8.551433
      objectReference: {fileID: 0}
    - target: {fileID: 758432696163330413, guid: 4fbe9c4c226ce28409db4d7db7dcf946,
        type: 3}
      propertyPath: m_LocalPosition.z
      value: 27.318562
      objectReference: {fileID: 0}
    - target: {fileID: 758432696163330413, guid: 4fbe9c4c226ce28409db4d7db7dcf946,
        type: 3}
      propertyPath: m_LocalEulerAnglesHint.y
      value: -37.488003
      objectReference: {fileID: 0}
    - target: {fileID: 758432696163330413, guid: 4fbe9c4c226ce28409db4d7db7dcf946,
        type: 3}
      propertyPath: m_LocalRotation.z
      value: 0.000000008381904
      objectReference: {fileID: 0}
    - target: {fileID: 758432696163330413, guid: 4fbe9c4c226ce28409db4d7db7dcf946,
        type: 3}
      propertyPath: m_LocalRotation.x
      value: -2.3283067e-10
      objectReference: {fileID: 0}
    - target: {fileID: 2871590824497188121, guid: 4fbe9c4c226ce28409db4d7db7dcf946,
        type: 3}
      propertyPath: m_Name
      value: longplatform
      objectReference: {fileID: 0}
    - target: {fileID: 2992685244579846897, guid: 4fbe9c4c226ce28409db4d7db7dcf946,
        type: 3}
      propertyPath: m_LocalRotation.x
      value: -1.1641531e-10
      objectReference: {fileID: 0}
    - target: {fileID: 2992685244579846897, guid: 4fbe9c4c226ce28409db4d7db7dcf946,
        type: 3}
      propertyPath: m_LocalRotation.y
      value: 0.1176332
      objectReference: {fileID: 0}
    - target: {fileID: 2992685244579846897, guid: 4fbe9c4c226ce28409db4d7db7dcf946,
        type: 3}
      propertyPath: m_LocalRotation.z
      value: 0.000000006053596
      objectReference: {fileID: 0}
    - target: {fileID: 2992685244579846897, guid: 4fbe9c4c226ce28409db4d7db7dcf946,
        type: 3}
      propertyPath: m_LocalRotation.w
      value: 0.99305713
      objectReference: {fileID: 0}
    - target: {fileID: 2992685244579846897, guid: 4fbe9c4c226ce28409db4d7db7dcf946,
        type: 3}
      propertyPath: m_LocalPosition.x
      value: -108
      objectReference: {fileID: 0}
    - target: {fileID: 2992685244579846897, guid: 4fbe9c4c226ce28409db4d7db7dcf946,
        type: 3}
      propertyPath: m_LocalPosition.z
      value: 7
      objectReference: {fileID: 0}
    - target: {fileID: 2992685244579846897, guid: 4fbe9c4c226ce28409db4d7db7dcf946,
        type: 3}
      propertyPath: m_LocalEulerAnglesHint.y
      value: 13.511001
      objectReference: {fileID: 0}
    - target: {fileID: 2992685244579846897, guid: 4fbe9c4c226ce28409db4d7db7dcf946,
        type: 3}
      propertyPath: m_LocalEulerAnglesHint.z
      value: 0
      objectReference: {fileID: 0}
    - target: {fileID: 4261201836460505900, guid: 4fbe9c4c226ce28409db4d7db7dcf946,
        type: 3}
      propertyPath: m_LocalPosition.x
      value: 0.55
      objectReference: {fileID: 0}
    - target: {fileID: 4261201836460505900, guid: 4fbe9c4c226ce28409db4d7db7dcf946,
        type: 3}
      propertyPath: m_LocalPosition.y
      value: 5.04
      objectReference: {fileID: 0}
    - target: {fileID: 4261201836460505900, guid: 4fbe9c4c226ce28409db4d7db7dcf946,
        type: 3}
      propertyPath: m_LocalPosition.z
      value: 1.6800001
      objectReference: {fileID: 0}
    - target: {fileID: 4261201836460505900, guid: 4fbe9c4c226ce28409db4d7db7dcf946,
        type: 3}
      propertyPath: m_LocalRotation.x
      value: -0.007905097
      objectReference: {fileID: 0}
    - target: {fileID: 4261201836460505900, guid: 4fbe9c4c226ce28409db4d7db7dcf946,
        type: 3}
      propertyPath: m_LocalRotation.y
      value: -0.7070626
      objectReference: {fileID: 0}
    - target: {fileID: 4261201836460505900, guid: 4fbe9c4c226ce28409db4d7db7dcf946,
        type: 3}
      propertyPath: m_LocalRotation.z
      value: 0.7070626
      objectReference: {fileID: 0}
    - target: {fileID: 4261201836460505900, guid: 4fbe9c4c226ce28409db4d7db7dcf946,
        type: 3}
      propertyPath: m_LocalRotation.w
      value: 0.007905097
      objectReference: {fileID: 0}
    - target: {fileID: 4261201836460505900, guid: 4fbe9c4c226ce28409db4d7db7dcf946,
        type: 3}
      propertyPath: m_RootOrder
      value: 3
      objectReference: {fileID: 0}
    - target: {fileID: 4261201836460505900, guid: 4fbe9c4c226ce28409db4d7db7dcf946,
        type: 3}
      propertyPath: m_LocalEulerAnglesHint.x
      value: -268.719
      objectReference: {fileID: 0}
    - target: {fileID: 4261201836460505900, guid: 4fbe9c4c226ce28409db4d7db7dcf946,
        type: 3}
      propertyPath: m_LocalEulerAnglesHint.y
      value: 89.99999
      objectReference: {fileID: 0}
    - target: {fileID: 4261201836460505900, guid: 4fbe9c4c226ce28409db4d7db7dcf946,
        type: 3}
      propertyPath: m_LocalEulerAnglesHint.z
      value: -90
      objectReference: {fileID: 0}
    m_RemovedComponents: []
  m_SourcePrefab: {fileID: 100100000, guid: 4fbe9c4c226ce28409db4d7db7dcf946, type: 3}
--- !u!4 &3551802365638693293 stripped
Transform:
  m_CorrespondingSourceObject: {fileID: 4261201836460505900, guid: 4fbe9c4c226ce28409db4d7db7dcf946,
    type: 3}
  m_PrefabInstance: {fileID: 749951664448940673}
  m_PrefabAsset: {fileID: 0}
--- !u!1001 &1180159060308210826
PrefabInstance:
  m_ObjectHideFlags: 0
  serializedVersion: 2
  m_Modification:
    m_TransformParent: {fileID: 3841367644552360493}
    m_Modifications:
    - target: {fileID: 2293905357122099472, guid: f9d9cb76bea14ce47b43d77c6e45542a,
        type: 3}
      propertyPath: m_LocalPosition.x
      value: -3.2
      objectReference: {fileID: 0}
    - target: {fileID: 2293905357122099472, guid: f9d9cb76bea14ce47b43d77c6e45542a,
        type: 3}
      propertyPath: m_LocalPosition.y
      value: -2.18
      objectReference: {fileID: 0}
    - target: {fileID: 2293905357122099472, guid: f9d9cb76bea14ce47b43d77c6e45542a,
        type: 3}
      propertyPath: m_LocalPosition.z
      value: 9.36
      objectReference: {fileID: 0}
    - target: {fileID: 2293905357122099472, guid: f9d9cb76bea14ce47b43d77c6e45542a,
        type: 3}
      propertyPath: m_LocalRotation.x
      value: -0
      objectReference: {fileID: 0}
    - target: {fileID: 2293905357122099472, guid: f9d9cb76bea14ce47b43d77c6e45542a,
        type: 3}
      propertyPath: m_LocalRotation.y
      value: -0
      objectReference: {fileID: 0}
    - target: {fileID: 2293905357122099472, guid: f9d9cb76bea14ce47b43d77c6e45542a,
        type: 3}
      propertyPath: m_LocalRotation.z
      value: -0
      objectReference: {fileID: 0}
    - target: {fileID: 2293905357122099472, guid: f9d9cb76bea14ce47b43d77c6e45542a,
        type: 3}
      propertyPath: m_LocalRotation.w
      value: 1
      objectReference: {fileID: 0}
    - target: {fileID: 2293905357122099472, guid: f9d9cb76bea14ce47b43d77c6e45542a,
        type: 3}
      propertyPath: m_RootOrder
      value: 2
      objectReference: {fileID: 0}
    - target: {fileID: 2293905357122099472, guid: f9d9cb76bea14ce47b43d77c6e45542a,
        type: 3}
      propertyPath: m_LocalEulerAnglesHint.x
      value: 0
      objectReference: {fileID: 0}
    - target: {fileID: 2293905357122099472, guid: f9d9cb76bea14ce47b43d77c6e45542a,
        type: 3}
      propertyPath: m_LocalEulerAnglesHint.y
      value: 0
      objectReference: {fileID: 0}
    - target: {fileID: 2293905357122099472, guid: f9d9cb76bea14ce47b43d77c6e45542a,
        type: 3}
      propertyPath: m_LocalEulerAnglesHint.z
      value: 0
      objectReference: {fileID: 0}
    - target: {fileID: 2507451434340279515, guid: f9d9cb76bea14ce47b43d77c6e45542a,
        type: 3}
      propertyPath: m_LocalRotation.z
      value: 0
      objectReference: {fileID: 0}
    - target: {fileID: 2507451434340279515, guid: f9d9cb76bea14ce47b43d77c6e45542a,
        type: 3}
      propertyPath: m_LocalRotation.w
      value: 1
      objectReference: {fileID: 0}
    - target: {fileID: 2507451434340279515, guid: f9d9cb76bea14ce47b43d77c6e45542a,
        type: 3}
      propertyPath: m_LocalEulerAnglesHint.z
      value: 0
      objectReference: {fileID: 0}
    - target: {fileID: 4928819497798788276, guid: f9d9cb76bea14ce47b43d77c6e45542a,
        type: 3}
      propertyPath: m_Name
      value: MirrorPref (1)
      objectReference: {fileID: 0}
    m_RemovedComponents: []
  m_SourcePrefab: {fileID: 100100000, guid: f9d9cb76bea14ce47b43d77c6e45542a, type: 3}
--- !u!4 &1131901786072935834 stripped
Transform:
  m_CorrespondingSourceObject: {fileID: 2293905357122099472, guid: f9d9cb76bea14ce47b43d77c6e45542a,
    type: 3}
  m_PrefabInstance: {fileID: 1180159060308210826}
  m_PrefabAsset: {fileID: 0}
--- !u!1001 &1652720483348559571
PrefabInstance:
  m_ObjectHideFlags: 0
  serializedVersion: 2
  m_Modification:
    m_TransformParent: {fileID: 4704934069545148156}
    m_Modifications:
    - target: {fileID: 4491693654098322963, guid: f64f14078dfaf3b4382c2e9ea69f4aa0,
        type: 3}
      propertyPath: m_LocalPosition.x
      value: 0.24484809
      objectReference: {fileID: 0}
    - target: {fileID: 4491693654098322963, guid: f64f14078dfaf3b4382c2e9ea69f4aa0,
        type: 3}
      propertyPath: m_LocalPosition.y
      value: -2.9501228
      objectReference: {fileID: 0}
    - target: {fileID: 4491693654098322963, guid: f64f14078dfaf3b4382c2e9ea69f4aa0,
        type: 3}
      propertyPath: m_LocalPosition.z
      value: -11.448008
      objectReference: {fileID: 0}
    - target: {fileID: 4491693654098322963, guid: f64f14078dfaf3b4382c2e9ea69f4aa0,
        type: 3}
      propertyPath: m_LocalRotation.x
      value: 0.7071068
      objectReference: {fileID: 0}
    - target: {fileID: 4491693654098322963, guid: f64f14078dfaf3b4382c2e9ea69f4aa0,
        type: 3}
      propertyPath: m_LocalRotation.y
      value: -0
      objectReference: {fileID: 0}
    - target: {fileID: 4491693654098322963, guid: f64f14078dfaf3b4382c2e9ea69f4aa0,
        type: 3}
      propertyPath: m_LocalRotation.z
      value: -0
      objectReference: {fileID: 0}
    - target: {fileID: 4491693654098322963, guid: f64f14078dfaf3b4382c2e9ea69f4aa0,
        type: 3}
      propertyPath: m_LocalRotation.w
      value: 0.7071068
      objectReference: {fileID: 0}
    - target: {fileID: 4491693654098322963, guid: f64f14078dfaf3b4382c2e9ea69f4aa0,
        type: 3}
      propertyPath: m_RootOrder
      value: 0
      objectReference: {fileID: 0}
    - target: {fileID: 4491693654098322963, guid: f64f14078dfaf3b4382c2e9ea69f4aa0,
        type: 3}
      propertyPath: m_LocalEulerAnglesHint.x
      value: 90
      objectReference: {fileID: 0}
    - target: {fileID: 4491693654098322963, guid: f64f14078dfaf3b4382c2e9ea69f4aa0,
        type: 3}
      propertyPath: m_LocalEulerAnglesHint.y
      value: 0
      objectReference: {fileID: 0}
    - target: {fileID: 4491693654098322963, guid: f64f14078dfaf3b4382c2e9ea69f4aa0,
        type: 3}
      propertyPath: m_LocalEulerAnglesHint.z
      value: 0
      objectReference: {fileID: 0}
    - target: {fileID: 4491693654098322963, guid: f64f14078dfaf3b4382c2e9ea69f4aa0,
        type: 3}
      propertyPath: m_LocalScale.y
      value: 1
      objectReference: {fileID: 0}
    - target: {fileID: 4491693654098322963, guid: f64f14078dfaf3b4382c2e9ea69f4aa0,
        type: 3}
      propertyPath: m_LocalScale.z
      value: 1
      objectReference: {fileID: 0}
    - target: {fileID: 8511287009616507962, guid: f64f14078dfaf3b4382c2e9ea69f4aa0,
        type: 3}
      propertyPath: m_Name
      value: Cannon
      objectReference: {fileID: 0}
    m_RemovedComponents: []
  m_SourcePrefab: {fileID: 100100000, guid: f64f14078dfaf3b4382c2e9ea69f4aa0, type: 3}
--- !u!4 &2934683471104741568 stripped
Transform:
  m_CorrespondingSourceObject: {fileID: 4491693654098322963, guid: f64f14078dfaf3b4382c2e9ea69f4aa0,
    type: 3}
  m_PrefabInstance: {fileID: 1652720483348559571}
  m_PrefabAsset: {fileID: 0}
--- !u!1001 &3299412763641200366
PrefabInstance:
  m_ObjectHideFlags: 0
  serializedVersion: 2
  m_Modification:
    m_TransformParent: {fileID: 3841367644552360493}
    m_Modifications:
    - target: {fileID: 809465927352140879, guid: 61dfd91a06023c748959d1e61790931d,
        type: 3}
      propertyPath: m_LocalPosition.x
      value: 2.52
      objectReference: {fileID: 0}
    - target: {fileID: 809465927352140879, guid: 61dfd91a06023c748959d1e61790931d,
        type: 3}
      propertyPath: m_LocalPosition.y
      value: 2.21
      objectReference: {fileID: 0}
    - target: {fileID: 809465927352140879, guid: 61dfd91a06023c748959d1e61790931d,
        type: 3}
      propertyPath: m_LocalPosition.z
      value: 0.57
      objectReference: {fileID: 0}
    - target: {fileID: 809465927352140879, guid: 61dfd91a06023c748959d1e61790931d,
        type: 3}
      propertyPath: m_LocalRotation.x
      value: 0.7071068
      objectReference: {fileID: 0}
    - target: {fileID: 809465927352140879, guid: 61dfd91a06023c748959d1e61790931d,
        type: 3}
      propertyPath: m_LocalRotation.y
      value: 0
      objectReference: {fileID: 0}
    - target: {fileID: 809465927352140879, guid: 61dfd91a06023c748959d1e61790931d,
        type: 3}
      propertyPath: m_LocalRotation.z
      value: 0
      objectReference: {fileID: 0}
    - target: {fileID: 809465927352140879, guid: 61dfd91a06023c748959d1e61790931d,
        type: 3}
      propertyPath: m_LocalRotation.w
      value: 0.7071068
      objectReference: {fileID: 0}
    - target: {fileID: 809465927352140879, guid: 61dfd91a06023c748959d1e61790931d,
        type: 3}
      propertyPath: m_RootOrder
      value: 0
      objectReference: {fileID: 0}
    - target: {fileID: 809465927352140879, guid: 61dfd91a06023c748959d1e61790931d,
        type: 3}
      propertyPath: m_LocalEulerAnglesHint.x
      value: 90
      objectReference: {fileID: 0}
    - target: {fileID: 809465927352140879, guid: 61dfd91a06023c748959d1e61790931d,
        type: 3}
      propertyPath: m_LocalEulerAnglesHint.y
      value: 0
      objectReference: {fileID: 0}
    - target: {fileID: 809465927352140879, guid: 61dfd91a06023c748959d1e61790931d,
        type: 3}
      propertyPath: m_LocalEulerAnglesHint.z
      value: 0
      objectReference: {fileID: 0}
    - target: {fileID: 4422698798985098844, guid: 61dfd91a06023c748959d1e61790931d,
        type: 3}
      propertyPath: m_Name
      value: FinishPref
      objectReference: {fileID: 0}
    m_RemovedComponents: []
  m_SourcePrefab: {fileID: 100100000, guid: 61dfd91a06023c748959d1e61790931d, type: 3}
--- !u!4 &2806325951408011937 stripped
Transform:
  m_CorrespondingSourceObject: {fileID: 809465927352140879, guid: 61dfd91a06023c748959d1e61790931d,
    type: 3}
  m_PrefabInstance: {fileID: 3299412763641200366}
  m_PrefabAsset: {fileID: 0}
--- !u!1001 &5105827276695820801
PrefabInstance:
  m_ObjectHideFlags: 0
  serializedVersion: 2
  m_Modification:
    m_TransformParent: {fileID: 4704934069545148156}
    m_Modifications:
    - target: {fileID: -4216859302048453862, guid: e14b3d784091ec746b89a3e10ccc1ec3,
        type: 3}
      propertyPath: m_LocalPosition.x
      value: 8.544848
      objectReference: {fileID: 0}
    - target: {fileID: -4216859302048453862, guid: e14b3d784091ec746b89a3e10ccc1ec3,
        type: 3}
      propertyPath: m_LocalPosition.y
      value: -8.42
      objectReference: {fileID: 0}
    - target: {fileID: -4216859302048453862, guid: e14b3d784091ec746b89a3e10ccc1ec3,
        type: 3}
      propertyPath: m_LocalPosition.z
      value: -11.45
      objectReference: {fileID: 0}
    - target: {fileID: -4216859302048453862, guid: e14b3d784091ec746b89a3e10ccc1ec3,
        type: 3}
      propertyPath: m_LocalRotation.x
      value: 0.7071068
      objectReference: {fileID: 0}
    - target: {fileID: -4216859302048453862, guid: e14b3d784091ec746b89a3e10ccc1ec3,
        type: 3}
      propertyPath: m_LocalRotation.y
      value: -0
      objectReference: {fileID: 0}
    - target: {fileID: -4216859302048453862, guid: e14b3d784091ec746b89a3e10ccc1ec3,
        type: 3}
      propertyPath: m_LocalRotation.z
      value: -0
      objectReference: {fileID: 0}
    - target: {fileID: -4216859302048453862, guid: e14b3d784091ec746b89a3e10ccc1ec3,
        type: 3}
      propertyPath: m_LocalRotation.w
      value: 0.7071068
      objectReference: {fileID: 0}
    - target: {fileID: -4216859302048453862, guid: e14b3d784091ec746b89a3e10ccc1ec3,
        type: 3}
      propertyPath: m_RootOrder
      value: 1
      objectReference: {fileID: 0}
    - target: {fileID: -4216859302048453862, guid: e14b3d784091ec746b89a3e10ccc1ec3,
        type: 3}
      propertyPath: m_LocalEulerAnglesHint.x
      value: 90
      objectReference: {fileID: 0}
    - target: {fileID: -4216859302048453862, guid: e14b3d784091ec746b89a3e10ccc1ec3,
        type: 3}
      propertyPath: m_LocalEulerAnglesHint.y
      value: 0
      objectReference: {fileID: 0}
    - target: {fileID: -4216859302048453862, guid: e14b3d784091ec746b89a3e10ccc1ec3,
        type: 3}
      propertyPath: m_LocalEulerAnglesHint.z
      value: 0
      objectReference: {fileID: 0}
    - target: {fileID: -927199367670048503, guid: e14b3d784091ec746b89a3e10ccc1ec3,
        type: 3}
      propertyPath: m_Name
      value: cylinder (1)
      objectReference: {fileID: 0}
    - target: {fileID: -684568028452062451, guid: e14b3d784091ec746b89a3e10ccc1ec3,
        type: 3}
      propertyPath: m_LocalPosition.x
      value: -8.33
      objectReference: {fileID: 0}
    - target: {fileID: -684568028452062451, guid: e14b3d784091ec746b89a3e10ccc1ec3,
        type: 3}
      propertyPath: m_LocalPosition.y
      value: 0.1
      objectReference: {fileID: 0}
    - target: {fileID: -684568028452062451, guid: e14b3d784091ec746b89a3e10ccc1ec3,
        type: 3}
      propertyPath: m_LocalPosition.z
      value: -2.02
      objectReference: {fileID: 0}
    m_RemovedComponents: []
  m_SourcePrefab: {fileID: 100100000, guid: e14b3d784091ec746b89a3e10ccc1ec3, type: 3}
--- !u!4 &261558516340093211 stripped
Transform:
  m_CorrespondingSourceObject: {fileID: -4216859302048453862, guid: e14b3d784091ec746b89a3e10ccc1ec3,
    type: 3}
  m_PrefabInstance: {fileID: 5105827276695820801}
  m_PrefabAsset: {fileID: 0}
--- !u!1001 &6371839107559672459
PrefabInstance:
  m_ObjectHideFlags: 0
  serializedVersion: 2
  m_Modification:
    m_TransformParent: {fileID: 3841367644552360493}
    m_Modifications:
    - target: {fileID: 758432696163330413, guid: 4fbe9c4c226ce28409db4d7db7dcf946,
        type: 3}
      propertyPath: m_LocalRotation.x
      value: 0.0009614796
      objectReference: {fileID: 0}
    - target: {fileID: 758432696163330413, guid: 4fbe9c4c226ce28409db4d7db7dcf946,
        type: 3}
      propertyPath: m_LocalRotation.y
      value: 0.13223596
      objectReference: {fileID: 0}
    - target: {fileID: 758432696163330413, guid: 4fbe9c4c226ce28409db4d7db7dcf946,
        type: 3}
      propertyPath: m_LocalRotation.z
      value: 0.0050721657
      objectReference: {fileID: 0}
    - target: {fileID: 758432696163330413, guid: 4fbe9c4c226ce28409db4d7db7dcf946,
        type: 3}
      propertyPath: m_LocalRotation.w
      value: 0.99120486
      objectReference: {fileID: 0}
    - target: {fileID: 758432696163330413, guid: 4fbe9c4c226ce28409db4d7db7dcf946,
        type: 3}
      propertyPath: m_LocalPosition.x
      value: 9.718865
      objectReference: {fileID: 0}
    - target: {fileID: 758432696163330413, guid: 4fbe9c4c226ce28409db4d7db7dcf946,
        type: 3}
      propertyPath: m_LocalPosition.y
      value: 124.3371
      objectReference: {fileID: 0}
    - target: {fileID: 758432696163330413, guid: 4fbe9c4c226ce28409db4d7db7dcf946,
        type: 3}
      propertyPath: m_LocalPosition.z
      value: 28.197311
      objectReference: {fileID: 0}
    - target: {fileID: 758432696163330413, guid: 4fbe9c4c226ce28409db4d7db7dcf946,
        type: 3}
      propertyPath: m_LocalEulerAnglesHint.x
      value: 0.032
      objectReference: {fileID: 0}
    - target: {fileID: 758432696163330413, guid: 4fbe9c4c226ce28409db4d7db7dcf946,
        type: 3}
      propertyPath: m_LocalEulerAnglesHint.y
      value: 15.198001
      objectReference: {fileID: 0}
    - target: {fileID: 758432696163330413, guid: 4fbe9c4c226ce28409db4d7db7dcf946,
        type: 3}
      propertyPath: m_LocalEulerAnglesHint.z
      value: 0.591
      objectReference: {fileID: 0}
    - target: {fileID: 2871590824497188121, guid: 4fbe9c4c226ce28409db4d7db7dcf946,
        type: 3}
      propertyPath: m_Name
      value: longplatform (1)
      objectReference: {fileID: 0}
    - target: {fileID: 2992685244579846897, guid: 4fbe9c4c226ce28409db4d7db7dcf946,
        type: 3}
      propertyPath: m_LocalRotation.x
      value: -0.00120394
      objectReference: {fileID: 0}
    - target: {fileID: 2992685244579846897, guid: 4fbe9c4c226ce28409db4d7db7dcf946,
        type: 3}
      propertyPath: m_LocalRotation.y
      value: -0.16553807
      objectReference: {fileID: 0}
    - target: {fileID: 2992685244579846897, guid: 4fbe9c4c226ce28409db4d7db7dcf946,
        type: 3}
      propertyPath: m_LocalRotation.z
      value: -0.006349471
      objectReference: {fileID: 0}
    - target: {fileID: 2992685244579846897, guid: 4fbe9c4c226ce28409db4d7db7dcf946,
        type: 3}
      propertyPath: m_LocalRotation.w
      value: 0.98618233
      objectReference: {fileID: 0}
    - target: {fileID: 2992685244579846897, guid: 4fbe9c4c226ce28409db4d7db7dcf946,
        type: 3}
      propertyPath: m_LocalPosition.x
      value: 111
      objectReference: {fileID: 0}
    - target: {fileID: 2992685244579846897, guid: 4fbe9c4c226ce28409db4d7db7dcf946,
        type: 3}
      propertyPath: m_LocalPosition.y
      value: 110
      objectReference: {fileID: 0}
    - target: {fileID: 2992685244579846897, guid: 4fbe9c4c226ce28409db4d7db7dcf946,
        type: 3}
      propertyPath: m_LocalPosition.z
      value: 10
      objectReference: {fileID: 0}
    - target: {fileID: 2992685244579846897, guid: 4fbe9c4c226ce28409db4d7db7dcf946,
        type: 3}
      propertyPath: m_LocalEulerAnglesHint.x
      value: -0.257
      objectReference: {fileID: 0}
    - target: {fileID: 2992685244579846897, guid: 4fbe9c4c226ce28409db4d7db7dcf946,
        type: 3}
      propertyPath: m_LocalEulerAnglesHint.y
      value: -19.056002
      objectReference: {fileID: 0}
    - target: {fileID: 2992685244579846897, guid: 4fbe9c4c226ce28409db4d7db7dcf946,
        type: 3}
      propertyPath: m_LocalEulerAnglesHint.z
      value: -0.69500005
      objectReference: {fileID: 0}
    - target: {fileID: 4261201836460505900, guid: 4fbe9c4c226ce28409db4d7db7dcf946,
        type: 3}
      propertyPath: m_LocalPosition.x
      value: -1.84
      objectReference: {fileID: 0}
    - target: {fileID: 4261201836460505900, guid: 4fbe9c4c226ce28409db4d7db7dcf946,
        type: 3}
      propertyPath: m_LocalPosition.y
      value: 3.4679136
      objectReference: {fileID: 0}
    - target: {fileID: 4261201836460505900, guid: 4fbe9c4c226ce28409db4d7db7dcf946,
        type: 3}
      propertyPath: m_LocalPosition.z
      value: 1.6700001
      objectReference: {fileID: 0}
    - target: {fileID: 4261201836460505900, guid: 4fbe9c4c226ce28409db4d7db7dcf946,
        type: 3}
      propertyPath: m_LocalRotation.x
      value: 0.0007353175
      objectReference: {fileID: 0}
    - target: {fileID: 4261201836460505900, guid: 4fbe9c4c226ce28409db4d7db7dcf946,
        type: 3}
      propertyPath: m_LocalRotation.y
      value: -0.72052985
      objectReference: {fileID: 0}
    - target: {fileID: 4261201836460505900, guid: 4fbe9c4c226ce28409db4d7db7dcf946,
        type: 3}
      propertyPath: m_LocalRotation.z
      value: 0.6933997
      objectReference: {fileID: 0}
    - target: {fileID: 4261201836460505900, guid: 4fbe9c4c226ce28409db4d7db7dcf946,
        type: 3}
      propertyPath: m_LocalRotation.w
      value: -0.005748387
      objectReference: {fileID: 0}
    - target: {fileID: 4261201836460505900, guid: 4fbe9c4c226ce28409db4d7db7dcf946,
        type: 3}
      propertyPath: m_RootOrder
      value: 5
      objectReference: {fileID: 0}
    - target: {fileID: 4261201836460505900, guid: 4fbe9c4c226ce28409db4d7db7dcf946,
        type: 3}
      propertyPath: m_LocalEulerAnglesHint.x
      value: -272.26
      objectReference: {fileID: 0}
    - target: {fileID: 4261201836460505900, guid: 4fbe9c4c226ce28409db4d7db7dcf946,
        type: 3}
      propertyPath: m_LocalEulerAnglesHint.y
      value: 166.356
      objectReference: {fileID: 0}
    - target: {fileID: 4261201836460505900, guid: 4fbe9c4c226ce28409db4d7db7dcf946,
        type: 3}
      propertyPath: m_LocalEulerAnglesHint.z
      value: -13.238001
      objectReference: {fileID: 0}
    m_RemovedComponents: []
  m_SourcePrefab: {fileID: 100100000, guid: 4fbe9c4c226ce28409db4d7db7dcf946, type: 3}
--- !u!4 &7156085216475427239 stripped
Transform:
  m_CorrespondingSourceObject: {fileID: 4261201836460505900, guid: 4fbe9c4c226ce28409db4d7db7dcf946,
    type: 3}
  m_PrefabInstance: {fileID: 6371839107559672459}
  m_PrefabAsset: {fileID: 0}
--- !u!1001 &9090386582087687966
PrefabInstance:
  m_ObjectHideFlags: 0
  serializedVersion: 2
  m_Modification:
    m_TransformParent: {fileID: 3841367644552360493}
    m_Modifications:
    - target: {fileID: 2293905357122099472, guid: f9d9cb76bea14ce47b43d77c6e45542a,
        type: 3}
      propertyPath: m_LocalPosition.x
      value: 2.84
      objectReference: {fileID: 0}
    - target: {fileID: 2293905357122099472, guid: f9d9cb76bea14ce47b43d77c6e45542a,
        type: 3}
      propertyPath: m_LocalPosition.y
      value: -2.14
      objectReference: {fileID: 0}
    - target: {fileID: 2293905357122099472, guid: f9d9cb76bea14ce47b43d77c6e45542a,
        type: 3}
      propertyPath: m_LocalPosition.z
      value: 9.36
      objectReference: {fileID: 0}
    - target: {fileID: 2293905357122099472, guid: f9d9cb76bea14ce47b43d77c6e45542a,
        type: 3}
      propertyPath: m_LocalRotation.x
      value: -0
      objectReference: {fileID: 0}
    - target: {fileID: 2293905357122099472, guid: f9d9cb76bea14ce47b43d77c6e45542a,
        type: 3}
      propertyPath: m_LocalRotation.y
      value: -0
      objectReference: {fileID: 0}
    - target: {fileID: 2293905357122099472, guid: f9d9cb76bea14ce47b43d77c6e45542a,
        type: 3}
      propertyPath: m_LocalRotation.z
      value: -0
      objectReference: {fileID: 0}
    - target: {fileID: 2293905357122099472, guid: f9d9cb76bea14ce47b43d77c6e45542a,
        type: 3}
      propertyPath: m_LocalRotation.w
      value: 1
      objectReference: {fileID: 0}
    - target: {fileID: 2293905357122099472, guid: f9d9cb76bea14ce47b43d77c6e45542a,
        type: 3}
      propertyPath: m_RootOrder
      value: 4
      objectReference: {fileID: 0}
    - target: {fileID: 2293905357122099472, guid: f9d9cb76bea14ce47b43d77c6e45542a,
        type: 3}
      propertyPath: m_LocalEulerAnglesHint.x
      value: 0
      objectReference: {fileID: 0}
    - target: {fileID: 2293905357122099472, guid: f9d9cb76bea14ce47b43d77c6e45542a,
        type: 3}
      propertyPath: m_LocalEulerAnglesHint.y
      value: 0
      objectReference: {fileID: 0}
    - target: {fileID: 2293905357122099472, guid: f9d9cb76bea14ce47b43d77c6e45542a,
        type: 3}
      propertyPath: m_LocalEulerAnglesHint.z
      value: 0
      objectReference: {fileID: 0}
    - target: {fileID: 2507451434340279515, guid: f9d9cb76bea14ce47b43d77c6e45542a,
        type: 3}
      propertyPath: m_LocalRotation.z
      value: 0.92387956
      objectReference: {fileID: 0}
    - target: {fileID: 2507451434340279515, guid: f9d9cb76bea14ce47b43d77c6e45542a,
        type: 3}
      propertyPath: m_LocalRotation.w
      value: 0.38268343
      objectReference: {fileID: 0}
    - target: {fileID: 2507451434340279515, guid: f9d9cb76bea14ce47b43d77c6e45542a,
        type: 3}
      propertyPath: m_LocalPosition.x
      value: 0.007541418
      objectReference: {fileID: 0}
    - target: {fileID: 2507451434340279515, guid: f9d9cb76bea14ce47b43d77c6e45542a,
        type: 3}
      propertyPath: m_LocalPosition.y
      value: 0.9448369
      objectReference: {fileID: 0}
    - target: {fileID: 2507451434340279515, guid: f9d9cb76bea14ce47b43d77c6e45542a,
        type: 3}
      propertyPath: m_LocalEulerAnglesHint.z
      value: 135
      objectReference: {fileID: 0}
    - target: {fileID: 4928819497798788276, guid: f9d9cb76bea14ce47b43d77c6e45542a,
        type: 3}
      propertyPath: m_Name
      value: MirrorPref (2)
      objectReference: {fileID: 0}
    m_RemovedComponents: []
  m_SourcePrefab: {fileID: 100100000, guid: f9d9cb76bea14ce47b43d77c6e45542a, type: 3}
--- !u!4 &7057735083585734158 stripped
Transform:
  m_CorrespondingSourceObject: {fileID: 2293905357122099472, guid: f9d9cb76bea14ce47b43d77c6e45542a,
    type: 3}
  m_PrefabInstance: {fileID: 9090386582087687966}
  m_PrefabAsset: {fileID: 0}
